 Dungeon Crawl Stone Soup version 0.29-a0-251-g80730f7218 (webtiles) character file.

Game seed: 3732446766928336034

4992 jt the Slinger (level 10, -1/98 HPs)
             Began as a Deep Dwarf Hunter on Mar 5, 2022.
             Was a Follower of Ru.
             Slain by a two-headed ogre
             ... wielding a +0 giant club
              (20 damage)
             ... on level 8 of the Dungeon.
             The game lasted 00:22:39 (6580 turns).

jt the Slinger (Deep Dwarf Hunter)                  Turns: 6580, Time: 00:22:40

Health: -1/98      AC: 17    Str: 21    XL:     10   Next: 29%
Magic:  10/10      EV: 10    Int: 14    God:    Ru [*.....]
Gold:   561        SH:  0    Dex: 21    Spells: 15/17 levels left

rFire   + + .      SeeInvis .   a - +2 hunting sling (freeze)
rCold   x . .      Faith    .   (no shield)
rNeg    . . .      Spirit   .   N - +4 chain mail {rF+}
rPois   +          Reflect  .   M - +0 helmet
rElec   .          Harm     .   D - scarf {repulsion}
rCorr   .          Rampage  .   u - +1 pair of gloves
Will    +....                   Q - +0 pair of boots {Fly}
Stlth   ..........              (no amulet)
HPRegen 0.00/turn               O - ring of the Lizard {Wiz Int+3}
MPRegen 0.12/turn               e - ring of Darkness {Fire *Slow rPois Dex+6 Slay+2}

@: flying, repel missiles
A: damage resistance, heal wounds, sense surroundings 2, no air magic, no hexes
magic, no translocations magic, no regeneration, strong 1, no potion heal 1
a: Heal Wounds, Renounce Religion


You were on level 8 of the Dungeon.
You worshipped Ru.
Ru was aware of your devotion.
You visited 2 branches of the dungeon, and saw 9 of its levels.
You also visited: Bailey.

You collected 561 gold pieces.

Inventory:

Hand Weapons
 a - a +2 hunting sling of freezing (weapon)
 d - a +2 trident of freezing
 w - a +6 vorpal dire flail
 G - a +2 vorpal shortbow
 H - a +0 battleaxe
 S - a +1 war axe of draining
 T - a +2 vorpal spear
Missiles
 c - 17 poisoned darts
 i - 34 boomerangs
 l - 313 stones
 K - 2 boomerangs of dispersal
 P - 5 atropa-tipped darts
Armour
 b - a +0 leather armour
 n - the +0 leather armour "Erit" {Rampage}
   (You found it on level 7 of the Dungeon)

   Rampage:   It bestows one free step when moving towards enemies.
 p - a +0 chain mail
 q - the +1 chain mail of the Hundredfold Lovers {Fly Str+5 Dex-2 Stlth+}
   (You took it off an orc warrior in a bailey)

   Str:       It affects your strength (+5).
   Dex:       It affects your dexterity (-2).
   Fly:       It grants you flight.
   Stlth:     It makes you more stealthy.
 u - a +1 pair of gloves (worn)
 B - a +0 plate armour
 D - a scarf of repulsion (worn)
 I - a +0 cloak
 M - a +0 helmet (worn)
 N - a +4 chain mail of fire resistance (worn)
 Q - a +0 pair of boots of flying (worn)
 W - a +0 kite shield
Magical Staves
 t - a staff of fire
Jewellery
 e - the ring of Darkness (right hand) {Fire *Slow rPois Dex+6 Slay+2}
   (You acquired it on level 4 of the Dungeon)

   [ring of fire]

   It enhances your fire magic.
   Dex:       It affects your dexterity (+6).
   Slay:      It affects your accuracy & damage with ranged weapons and melee
   (+2).
   rF:        It protects you from fire.
   rC:        It makes you vulnerable to cold.
   rPois:     It protects you from poison.
   *Slow:     It may slow you when you take damage.
 f - a +4 ring of evasion
 s - a ring of see invisible
 x - an amulet of faith
 y - a ring of willpower
 z - a ring of positive energy
 O - the ring of the Lizard (left hand) {Wiz Int+3}
   (You found it in a bailey)

   [ring of wizardry]

   It improves your spell success rate.
   Int:       It affects your intelligence (+3).
Wands
 v - a wand of flame (18)
 A - a wand of polymorph (12)
 J - a wand of mindburst (27)
 U - a wand of iceblast (4)
 V - a wand of charming (10)
 X - a wand of acid (2)
Scrolls
 g - a scroll of brand weapon
 j - 2 scrolls of teleportation
 k - 2 scrolls of holy word
 r - a scroll of torment
Potions
 m - a potion of haste
 o - a potion of cancellation {unknown}
 C - 2 potions of degeneration {unknown}
 E - 4 potions of curing
 F - 5 potions of flight
 L - a potion of might
Miscellaneous
 R - a piece from Xom's chessboard (15/15)


   Skills:
 + Level 8.6 Fighting
 + Level 2.9 Axes
 - Level 10.5 Slings
 - Level 4.0 Armour
 - Level 3.7 Dodging
 - Level 1.2 Stealth
 - Level 4.0 Spellcasting
 - Level 5.0 Evocations


You had 15 spell levels left.
You knew the following spells:

 Your Spells              Type           Power      Damage    Failure   Level
a - Apportation           Tloc           4%         N/A       52%         1
b - Animate Skeleton      Necr           4%         N/A       52%         1

Your spell library contained the following spells:

 Spells                   Type           Power      Damage    Failure   Level
 Freeze                   Ice            8%         1d3       52%         1
 Magic Dart               Conj           8%         1d3       52%         1
 Pain                     Necr           8%         1d4       52%         1
 Summon Small Mammal      Summ           8%         N/A       52%         1
 Call Imp                 Summ           2%         N/A       67%         2
 Frozen Ramparts          Ice            4%         1d2       87%         3
 Vampiric Draining        Necr           2%         2d6       87%         3
 Hailstorm                Conj/Ice       2%         3d3       99%         4
 Mephitic Cloud           Conj/Pois/Air  Unusable   N/A       N/A         3
 Tukima's Dance           Hex            Unusable   N/A       N/A         3
 Anguish                  Hex/Necr       Unusable   N/A       N/A         4
 Enfeeble                 Hex            Unusable   N/A       N/A         7

Dungeon Overview and Level Annotations

Branches:
Dungeon (8/15)             Temple (1/1) D:6          Bailey (visited)
   Lair: D:8-11

Altars:
Ashenzari
Cheibriados
Dithmenos
Elyvilon
Fedhas
Gozag
Hepliaklqana
Kikubaaqudgha
Makhleb
Nemelex Xobeh
Okawaru
Ru
Sif Muna
Trog
Uskayaw
Vehumet
Wu Jian
Yredelemnul
Zin

Annotations:
D:2 Sigmund
D:3 3 runed translucent doors, Karim's ghost, amateur DjGl; Karim's ghost, amateur GrFi; Karim's ghost, amateur TrEE; esteth's ghost, amateur DsAK
D:4 1 runed translucent door, robertstho's ghost, amateur DjIE


Innate Abilities, Weirdness & Mutations

You are resistant to damage.
You can heal yourself by infusing magical energy.
You passively map the area around you.
You cannot study or cast Air magic.
You cannot study or cast Hexes magic.
You cannot study or cast Translocations magic.
You do not regenerate.
Your muscles are strong. (Str +2)
Potions are less effective at restoring your health.


Message History

Fire: a) +2 hunting sling (freeze)
Press: ? - help, Q - select action, (/) - cycle Shift-Dir - straight line, f/p - two-headed ogre
Aim: a two-headed ogre, wielding a +0 giant club and a +0 giant spiked club (heavily wounded, covered in acid, 82% to hit)
You shoot a sling bullet.
The sling bullet hits the two-headed ogre!
The sling bullet freezes the two-headed ogre.
The two-headed ogre is severely wounded.
The two-headed ogre hits you with a +0 giant club!
The two-headed ogre hits you with a +0 giant spiked club.
Fire: a) +2 hunting sling (freeze)
Press: ? - help, Q - select action, (/) - cycle Shift-Dir - straight line, f/p - two-headed ogre
Aim: a two-headed ogre, wielding a +0 giant club and a +0 giant spiked club (severely wounded, covered in acid, 82% to hit)
You shoot a sling bullet.
The sling bullet hits the two-headed ogre but does no damage.
The two-headed ogre is severely wounded.
The two-headed ogre hits you with a +0 giant club!
The two-headed ogre hits you with a +0 giant spiked club!
Fire: a) +2 hunting sling (freeze)
Press: ? - help, Q - select action, (/) - cycle Shift-Dir - straight line, f/p - two-headed ogre
Aim: a two-headed ogre, wielding a +0 giant club and a +0 giant spiked club (severely wounded, covered in acid, 82% to hit)
You shoot a sling bullet.
The sling bullet hits the two-headed ogre!
The sling bullet freezes the two-headed ogre.
The two-headed ogre is almost dead.
The two-headed ogre hits you with a +0 giant club!
The two-headed ogre hits you with a +0 giant spiked club!
* * * LOW HITPOINT WARNING * * *
Fire: a) +2 hunting sling (freeze)
Press: ? - help, Q - select action, (/) - cycle Shift-Dir - straight line, f/p - two-headed ogre
Aim: a two-headed ogre, wielding a +0 giant club and a +0 giant spiked club (almost dead, covered in acid, 82% to hit)
You shoot a sling bullet.
The sling bullet barely misses the two-headed ogre.
The two-headed ogre hits you with a +0 giant club!!
* * * LOW HITPOINT WARNING * * *
The two-headed ogre barely misses you.
The two-headed ogre is no longer covered in acid.
Your system partially rejects the healing.
You feel much better.
The two-headed ogre hits you with a +0 giant club!!
You die...

........)...>.........#
..##.#.#.######..#####*
. #.#...# #..#
..##.#...# #..#
.....#[).### #..#
...........# #..#####
..####)..#.# #......##
, #...#.# #.O.....# ,
#...# # ##@###.## ,
...... * #.# * #* ,
##...#.# #.., * #...#.#
#### , , .....,#, *
O.....* * , , , * *
..#.., , , ,


You could see a two-headed ogre.

Vanquished Creatures
  A hydra (D:7)
  A two-headed ogre (D:8)
  2 steam dragons
  Edmund (D:4)
  4 water moccasins
  A swamp drake (D:6)
  An ice beast (D:8)
  2 black bears
  8 orc warriors
  A sky beast (D:5)
  2 ogres (D:6)
  2 centaurs (D:6)
  A phantom (D:7)
  A kobold brigand (D:7)
  A gnoll sergeant (D:7)
  2 necrophages
  A bullfrog (D:7)
  3 scorpions
  A gnoll shaman (D:8)
  3 hounds
  5 orc priests
  Jessica (D:3)
  Ijyb (D:5)
  4 iguanas
  5 orc wizards
  5 adders
  14 gnolls
  2 white imps
  An ufetubus (D:5)
  5 worms
  A dart slug (D:4)
  28 orcs
  6 bats
  5 endoplasms
  5 giant cockroaches
  5 goblins
  9 hobgoblins
  4 jackals (D:3)
  2 quokkas (D:2)
  3 ball pythons
  5 frilled lizards
  18 kobolds
  4 rats
  A spectral goblin (D:2)
178 creatures vanquished.

Vanquished Creatures (collateral kills)
  2 orcs (D:3)
2 creatures vanquished.

Vanquished Creatures (others)
  An orc wizard (D:3)
1 creature vanquished.

Grand Total: 181 creatures vanquished

Notes
Turn   | Place    | Note
-------+----------+-------------------------------------------
     0 | D:1      | jt the Deep Dwarf Hunter began the quest for the Orb.
     0 | D:1      | Reached XP level 1. HP: 19/19 MP: 1/1
   141 | D:1      | Reached XP level 2. HP: 26/26 MP: 2/2
   464 | D:1      | Reached skill level 1 in Spellcasting
   831 | D:2      | Reached XP level 3. HP: 28/32 MP: 4/4
   938 | D:2      | Found a faded altar of an unknown god.
  1166 | D:2      | Reached skill level 5 in Slings
  1179 | D:2      | Noticed Sigmund
  1204 | D:2      | Gained mutation: Your muscles are strong. (Str +2) [potion
                  | of mutation]
  1204 | D:2      | Gained mutation: Potions are less effective at restoring
                  | your health. [potion of mutation]
  1307 | D:2      | Reached XP level 4. HP: 31/40 MP: 5/5
  1521 | D:3      | Found a shadowy altar of Dithmenos.
  1542 | D:3      | Found a runed translucent gate.
  1542 | D:3      | Found a runed translucent gate.
  1542 | D:3      | Found a runed translucent gate.
  1542 | D:3      | Noticed Karim's ghost (amateur GrFi)
  1543 | D:3      | Noticed Karim's ghost (amateur DjGl)
  1543 | D:3      | Noticed Karim's ghost (amateur TrEE)
  1544 | D:3      | Noticed esteth's ghost (amateur DsAK)
  1679 | D:3      | Reached XP level 5. HP: 44/49 MP: 5/7
  1681 | D:3      | Learned a level 1 spell: Apportation
  1683 | D:3      | Learned a level 1 spell: Animate Skeleton
  2059 | D:3      | Noticed Jessica
  2064 | D:3      | Killed Jessica
  2065 | D:3      | Reached skill level 6 in Slings
  2090 | D:3      | Found a shimmering blue altar of Sif Muna.
  2230 | D:4      | Identified a scroll of acquirement
  2230 | D:4      | Acquired the ring of Darkness {Fire *Slow rPois Dex+6
                  | Slay+2}
  2440 | D:4      | Reached XP level 6. HP: 45/57 MP: 7/7
  2603 | D:4      | Found a radiant altar of Vehumet.
  2671 | D:4      | Noticed Edmund
  2693 | D:4      | Killed Edmund
  2930 | D:4      | Found a runed translucent door.
  2930 | D:4      | Noticed a steam dragon
  2930 | D:4      | Noticed robertstho's ghost (amateur DjIE)
  3176 | D:5      | Entered Level 5 of the Dungeon
  3414 | D:5      | Reached skill level 7 in Slings
  3414 | D:5      | Reached XP level 7. HP: 53/66 MP: 7/7
  3536 | D:5      | Noticed Ijyb
  3545 | D:5      | Reached skill level 5 in Fighting
  3568 | D:5      | Killed Ijyb
  4170 | D:6      | Reached skill level 8 in Slings
  4180 | D:6      | Reached XP level 8. HP: 42/76 MP: 8/8
  4283 | D:6      | Reached skill level 9 in Slings
  4384 | D:6      | Found a staircase to the Ecumenical Temple.
  4405 | Temple   | Entered the Ecumenical Temple
  5020 | D:7      | Found a broken altar of Ashenzari.
  5099 | D:7      | Reached skill level 1 in Armour
  5099 | D:7      | Gained mutation: You passively map the area around you.
                  | [Deep Dwarf growth]
  5099 | D:7      | Reached XP level 9. HP: 64/86 MP: 8/8
  5112 | D:7      | Found a sacrificial altar of Ru.
  5174 | D:7      | Became a worshipper of Ru the Awakened
  5197 | D:7      | Found a flagged portal.
  5214 | Bailey   | Entered a bailey
  5288 | Bailey   | Reached skill level 1 in Evocations
  5362 | Bailey   | Identified the ring of the Lizard {Wiz Int+3}
  5388 | Bailey   | Identified the +1 chain mail of the Hundredfold Lovers {Fly
                  | Str+5 Dex-2 Stlth+}
  5421 | Bailey   | Reached skill level 10 in Slings
  5920 | D:7      | Noticed a seven-headed hydra
  5927 | D:7      | Killed a seven-headed hydra
  5928 | D:7      | Reached XP level 10. HP: 65/96 MP: 10/10
  6079 | D:7      | Identified the +0 leather armour "Erit" {Rampage}
  6111 | D:7      | Gained mutation: You cannot study or cast Air magic. [Ru
                  | sacrifice]
  6111 | D:7      | Gained mutation: You cannot study or cast Hexes magic. [Ru
                  | sacrifice]
  6111 | D:7      | Gained mutation: You cannot study or cast Translocations
                  | magic. [Ru sacrifice]
  6111 | D:7      | Reached * piety under Ru
  6312 | D:8      | Noticed a two-headed ogre
  6324 | D:8      | Killed a two-headed ogre
  6325 | D:8      | Reached skill level 5 in Evocations
  6339 | D:8      | Found a white marble altar of Elyvilon.
  6536 | D:8      | Noticed a two-headed ogre
  6580 | D:8      | Slain by a two-headed ogre

Illustrated notes

Levels and vault maps discovered:
D:1:      tarquinn_simple_flora_water_a, layout_loops_ring
D:2:      layout_basic, dreamdust_ecumenical_altar_drowned_temple, uniq_sigmund
D:3:      layout_basic, mainiacjoe_overflow_small_starburst, tgw_sif,
          gammafunk_ghost_cemetery
D:4:      layout_loops_corners, fiery_altar_vehumet, ebering_ghost_inner_flame,
          nicolae_figureground_pulse, uniq_edmund
D:5:      layout_loops_corners, patterned_corridor, uniq_ijyb
D:6:      layout_loops_ring, temple_fountains, minmay_holes, minmay_circle_x
D:7:      layout_loops_ring, nicolae_overflow_crystal_walls,
          amcnicky_altar_gilded, enter_bailey_4
D:8:      layout_basic, mainiacjoe_overflow_chevrons
Temple:   dshaligram_water_room_temple

Skill      XL: |  1  2  3  4  5  6  7  8  9 10 |
---------------+-------------------------------+-----
Fighting       | 2 3 4 5 7 8 |  8.6
Spellcasting   | 1 2 3 4 |  4.0
Slings         | 5 6 7 8 9 10 | 10.5
Armour         | 1 4 |  4.0
Dodging        | 3 |  3.7
Evocations     | 4 5 |  5.0
Axes           | 2 |  2.9
Stealth        | |  1.2

Action                   |  1- 3 |  4- 6 |  7- 9 | 10-12 || total
-------------------------+-------+-------+-------+-------++-------
Melee: Hunting sling     |     2 |       |     1 |       ||     3
       Unarmed           |       |       |    23 |       ||    23
 Fire: Hunting sling     |   186 |   145 |   283 |    82 ||   696
Throw: Dart              |       |     2 |     4 |       ||     6
 Cast: Animate Skeleton  |       |     3 |       |       ||     3
Invok: Sacrifice Arcana  |       |       |       |     1 ||     1
 Abil: Heal Wounds       |     3 |     6 |    11 |     4 ||    24
Evoke: Wand              |       |       |     2 |     1 ||     3
  Use: Potion            |     7 |     1 |       |     1 ||     9
       Scroll            |     2 |     7 |     6 |     1 ||    16
Armor: Leather armour    |    11 |     6 |    18 |       ||    35
       Chain mail        |       |       |    34 |    33 ||    67
Dodge: Dodged            |    79 |    50 |   153 |    27 ||   309
       Repelled          |       |       |     2 |     1 ||     3

Table legend: (Time is in decaauts)
 A = Elapsed time spent in this place.
 B = Non-inter-level travel time spent in this place.
 C = Inter-level travel time spent in this place.
 D = Time resting spent in this place.
 E = Time spent auto-exploring this place.
 F = Levels seen in this place.
 G = Mean time per level.
                   A        B        C        D        E       F      G
               +--------+--------+--------+--------+--------+-----+--------+
         Total |   6749 |   6574 |    175 |    219 |   4007 |  10 |  674.9 |
       Dungeon |   6158 |   5983 |    175 |    119 |   3776 |   8 |  769.8 |
        Temple |    131 |    131 |      0 |      0 |     87 |   1 |  131.0 |
        Bailey |    458 |    458 |      0 |    100 |    144 |   1 |  458.0 |
               +--------+--------+--------+--------+--------+-----+--------+

Top non-repeatable levels by time:
     D:5: 986 daAuts
     D:4: 954 daAuts
     D:3: 930 daAuts
     D:7: 832 daAuts
     D:1: 826 daAuts
     D:6: 743 daAuts
     D:2: 556 daAuts
  Bailey: 458 daAuts
     D:8: 328 daAuts
  Temple: 131 daAuts
